 Dungeon Crawl Stone Soup version 0.30-a0-465-g8901f6c8b5 (webtiles) character file.

Game seed: 14397188287537255688

332 experimilk the Conjurer (level 6, -6/45 HPs)
             Began as a Draconian Conjurer on Dec 18, 2022.
             Killed by nerve-wracking pain
             ... invoked by an orc priest
              (9 damage)
             ... on level 4 of the Dungeon.
             The game lasted 00:07:04 (4056 turns).

experimilk the Conjurer (Draconian Conjurer)        Turns: 4056, Time: 00:07:04

Health: -6/45      AC:  8    Str:  9    XL:     6   Next: 26%
Magic:  0/9        EV: 12    Int: 21    God:
Gold:   173        SH:  0    Dex:  9    Spells: 2/9 levels left

rFire   . . .      SeeInvis .    g - +2 rapier (freeze)
rCold   . . .      Faith    .    (no shield)
rNeg    . . .      Spirit   .    (body armour unavailable)
rPois   .          Reflect  .    (helmet restricted)
rElec   .          Harm     .    (no cloak)
rCorr   .          Rampage  .    m - +0 pair of gloves
Will    .....                    n - +0 pair of boots
Stlth   ++........               (no amulet)
HPRegen 0.27/turn                (no ring)
MPRegen 0.11/turn                (no ring)

@: no status effects
A: AC +6, unfitting armour, cold-blooded
a: no special abilities


You were on level 4 of the Dungeon.
You visited 1 branch of the dungeon, and saw 4 of its levels.

You collected 239 gold pieces.
You spent 66 gold pieces at shops.

Inventory:

Hand Weapons
 g - a +2 rapier of freezing (weapon)
Armour
 m - a +0 pair of gloves (worn)
 n - a +0 pair of boots (worn)
Scrolls
 d - a scroll of torment
 e - a scroll of enchant weapon
 f - a scroll of amnesia
 h - a scroll of vulnerability
 j - 4 scrolls of identify
 k - a scroll of blinking {unknown}
Potions
 b - a potion of flight
 l - 2 potions of resistance


   Skills:
 - Level 1.7 Dodging
 - Level 1.7 Stealth
 - Level 2.0 Spellcasting
 + Level 7.6 Conjurations


You had 2 spell levels left.
You knew the following spells:

 Your Spells              Type           Power      Damage    Failure   Level
a - Magic Dart            Conj           100%       1d8       1%          1
x - Iskenderun's Mystic   Conj/Tloc      18%        2d6       30%         4
z - Searing Ray           Conj           68%        2d6       1%          2

Your spell library contained the following spells:

 Spells                   Type           Power      Damage    Failure   Level
 Freeze                   Ice            8%         1d3       14%         1
 Dazzling Flash           Conj/Hex       36%        N/A       10%         3
 Hailstorm                Conj/Ice       18%        3d6       10%         3
 Fulminant Prism          Conj/Hex       9%         3d7       30%         4
 Frozen Ramparts          Ice            4%         1d1       41%         3


Dungeon Overview and Level Annotations

Branches:
Dungeon (4/15)
 Temple: D:4-7

Altars:
Hepliaklqana
Wu Jian

Shops:
D:3 !   D:4 [


Innate Abilities, Weirdness & Mutations

Your plain brown scales are hard. (AC +6)
You cannot fit into any form of body armour.
You are cold-blooded and may be slowed by cold attacks.


Message History

The orc priest is lightly wounded.
Your surroundings suddenly seem different.
You start resting.
An orc priest is nearby!
You are too injured to fight recklessly!
The orc priest shouts!
You start resting.
An orc priest is nearby!
Casting: Searing Ray (safe; 1% risk of failure)
Confirm with . or Enter, or press ? or * to list all spells.
Aiming: Searing Ray (safe; 1% risk of failure)
Press: ? - help, Shift-Dir - straight line, f/p - orc priest
Aim: an orc priest, wielding a +2 hand axe of freezing and wearing a +0 chain mail (86% to hit)
The searing ray hits the orc priest but does no damage. (Press . to maintain the ray.)
The orc priest calls down the wrath of Beogh upon you.
Beogh smites you!
* * * LOW HITPOINT WARNING * * *
The searing ray hits the orc priest.
The orc priest is lightly wounded.
The searing ray hits the orc priest!
The orc priest is severely wounded.
The searing ray hits the orc priest.
The orc priest is almost dead.
You finish channelling your searing ray.
The orc priest hits you with a +2 hand axe of freezing.
* * * LOW HITPOINT WARNING * * *
The orc priest freezes you.
* * * LOW HITPOINT WARNING * * *
Casting: Searing Ray (safe; 1% risk of failure)
Confirm with . or Enter, or press ? or * to list all spells.
Aiming: Searing Ray (safe; 1% risk of failure)
Press: ? - help, Shift-Dir - straight line, f/p - orc priest
Aim: an orc priest, wielding a +2 hand axe of freezing and wearing a +0 chain mail (almost dead, 86% to hit)
The searing ray hits the orc priest but does no damage.
The orc priest is almost dead. (Press . to maintain the ray.)
The orc priest invokes the aid of Beogh against you.
Pain shoots through your body!
You die...

#.....#.....................#
##....##....##...[..........#
########....##..............#
#..................)........#
#...........................#
#.......o...................#
######'###....##..............# .
..##....########o...##.##...###..
##............##@...##.##...###..
.#.............#...........))....
.#.........))).'............)h...
.#.............#.............o)..
##.########...##..##...##...###..
..##....########..########### ..
.#†...............# .
.#................#
.#................#


You could see an orc priest.

Vanquished Creatures
  A scorpion (D:4)
  4 orc wizards (D:4)
  7 gnolls
  3 adders
  A worm (D:4)
  6 orcs
  4 bats
  7 endoplasms
  5 giant cockroaches
  4 goblins
  7 hobgoblins
  7 jackals
  2 kobolds
  2 quokkas
  10 ball pythons
  7 frilled lizards
  6 rats (D:1)
83 creatures vanquished.

Notes
Turn   | Place    | Note
-------+----------+-------------------------------------------
     0 | D:1      | experimilk the Draconian Conjurer began the quest for the
                  | Orb.
     0 | D:1      | Reached XP level 1. HP: 14/14 MP: 3/3
   204 | D:1      | Reached XP level 2. HP: 14/20 MP: 0/5
   668 | D:1      | Reached skill level 5 in Conjurations
   696 | D:1      | Reached XP level 3. HP: 26/26 MP: 1/6
   699 | D:1      | Learned a level 2 spell: Searing Ray
  1148 | D:1      | Found a faded altar of an unknown god.
  2305 | D:3      | Found Leaqot's Distillery.
  2318 | D:3      | Reached XP level 4. HP: 33/33 MP: 2/7
  2368 | D:3      | Bought a potion of lignification for 33 gold pieces
  2368 | D:3      | Bought a potion of curing for 33 gold pieces
  2669 | D:3      | Found an ornate altar of the Wu Jian Council.
  2669 | D:3      | Found a hazy altar of Hepliaklqana.
  3057 | D:4      | Noticed a scorpion
  3069 | D:4      | Killed a scorpion
  3070 | D:4      | Reached skill level 6 in Conjurations
  3070 | D:4      | Reached XP level 5. HP: 38/38 MP: 1/8
  3277 | D:4      | Reached skill level 7 in Conjurations
  3336 | D:4      | Found Cuebaj's Armour Shop.
  3424 | D:4      | Learned a level 4 spell: Iskenderun's Mystic Blast
  3805 | D:4      | Reached XP level 6. HP: 36/45 MP: 3/9
  4056 | D:4      | Killed from afar by an orc priest

Illustrated notes

Levels and vault maps discovered:
D:1:      dpeg_arrival_prison, layout_basic, shapermc_ecumenical_altar_venn,
          minivault_5
D:2:      layout_basic, minmay_splitting_lines
D:3:      layout_basic, grunt_temple_overflow_open, serial_shops,
          nicolae_shop_trees, solitary_fountain
D:4:      layout_gridville, nicolae_take_the_stairs

Skill      XL: |  1  2  3  4  5 |
---------------+----------------+-----
Conjurations   | 5 6 7 |  7.6
Dodging        | |  1.7
Stealth        | |  1.7
Spellcasting   | |  2.0

Action                   |  1- 3 |  4- 6 || total
-------------------------+-------+-------++-------
Melee: Unarmed           |    20 |       ||    20
       Tailslap          |     4 |     2 ||     6
       Dagger            |    12 |       ||    12
       Rapier            |       |    23 ||    23
 Cast: Magic Dart        |    79 |    23 ||   102
       Searing Ray       |     6 |    21 ||    27
  Use: Potion            |     2 |     2 ||     4
       Scroll            |     7 |     3 ||    10
Armor: Skin              |    15 |    25 ||    40
Dodge: Dodged            |    25 |    18 ||    43

Table legend: (Time is in decaauts)
 A = Elapsed time spent in this place.
 B = Non-inter-level travel time spent in this place.
 C = Inter-level travel time spent in this place.
 D = Time resting spent in this place.
 E = Time spent auto-exploring this place.
 F = Levels seen in this place.
 G = Mean time per level.
                   A        B        C        D        E       F      G
               +--------+--------+--------+--------+--------+-----+--------+
         Total |   4062 |   3911 |    151 |    587 |   2897 |   4 | 1015.5 |
       Dungeon |   4062 |   3911 |    151 |    587 |   2897 |   4 | 1015.5 |
               +--------+--------+--------+--------+--------+-----+--------+

Top non-repeatable levels by time:
     D:1: 1324 daAuts
     D:3: 1013 daAuts
     D:2: 979 daAuts
     D:4: 745 daAuts
